 Dungeon Crawl Stone Soup version 0.21.1-1-g345015f (webtiles) character file.

163 inc the Conjurer (level 5, 21/21 HPs)
             Began as a Felid Wizard on Feb 27, 2018.
             Was an Initiate of Ashenzari.
             Quit the game on level 5 of the Dungeon.
             The game lasted 00:11:54 (4730 turns).

inc the Conjurer (Felid Wizard)                     Turns: 4730, Time: 00:11:55

Health: 21/21      AC:  2    Str:  3    XL:     5   Next: 20%
Magic:  10/10      EV: 17    Int: 24    God:    Ashenzari [......]
Gold:   211        SH:  4    Dex: 14    Spells: 7/10 levels left
                                        Lives:  0   Deaths: 2

rFire    . . .     SeeInvis +   (weapon unavailable)
rCold    . . .     Gourm    .   (shield unavailable)
rNeg     . . .     Faith    .   (armour unavailable)
rPois    .         Spirit   .   (helmet unavailable)
rElec    .         Reflect  .   (cloak unavailable)
rCorr    .         Harm     .   (gloves unavailable)
MR       .....                  (boots unavailable)
Stlth    +++.......             p - amulet of magic regeneration (curse)
HPRegen  0.07/turn              (no ring)
MPRegen  0.37/turn              (no ring)

@: quick
A: very small, no armour, no weapons or thrown items, stealth, claws 1, fangs 3,
large bone plates 1, see invisible, carnivore, clever 1, speed 1, shaggy fur 2,
slow metabolism 1, sharp paws
a: Curse Item, Renounce Religion


You were on level 5 of the Dungeon.
You worshipped Ashenzari.
Ashenzari was noncommittal.
You were not hungry.

You visited 2 branches of the dungeon, and saw 6 of its levels.

You collected 211 gold pieces.

Inventory:

Jewellery
 p - a cursed amulet of magic regeneration (around neck)
Wands
 f - a wand of clouds (5)
Scrolls
 d - a scroll of magic mapping {unknown}
 e - a scroll of fog {unknown}
 g - a scroll of noise {unknown}
 k - 2 scrolls of enchant armour {unknown}
 l - a scroll of random uselessness {unknown}
 o - a scroll of remove curse
 r - a scroll of identify
Potions
 h - 2 potions of invisibility
 m - 3 potions of lignification
 q - a potion of flight
Books
 a - a book of Minor Magic

   Spells                             Type                      Level
   a - Magic Dart                     Conjuration                  1
   b - Blink                          Translocation                2
   c - Call Imp                       Summoning                    2
   d - Slow                           Hexes                        2
   e - Conjure Flame                  Conjuration/Fire             3
   f - Mephitic Cloud                 Conjuration/Poison/Air       3
Comestibles
 b - 4 rations


   Skills:
 - Level 2.6 Dodging
 - Level 2.6 Stealth
 - Level 3.0 Spellcasting
 + Level 6.6 Conjurations
 - Level 3.0 Summonings
   Level 1.5 Translocations


You had 7 spell levels left.
You knew the following spells:

 Your Spells              Type           Power        Failure   Level  Hunger
a - Magic Dart            Conj           ####         1%          1    None
b - Call Imp              Summ           ###.....     4%          2    ##.....


Dungeon Overview and Level Annotations

Branches:
Dungeon (5/15)             Temple (1/1) D:5

Altars:
Ashenzari
Cheibriados
Makhleb
Nemelex Xobeh
Okawaru
Qazlal
Ru
Sif Muna
Trog
Uskayaw
Wu Jian
Xom
Yredelemnul
Zin
The Shining One

Annotations:
D:4 Grinder


Innate Abilities, Weirdness & Mutations

You cannot wear armour.
You are incapable of wielding weapons or throwing items.
Your paws allow you to move quietly. (Stealth)
You have sharp claws.
You have razor-sharp teeth.
You have supernaturally acute eyesight. (SInv)
You are carnivorous and can eat meat at any time.
You cover ground quickly.
You are covered in thick fur. (AC +2)
You have a slow metabolism.
Your sharp claws are effective at attacking unaware monsters.
You are partially covered in large bone plates. (SH +4)
Your mind is acute. (Int +2)


Message History

The killer bee closely misses you.
You feel sick. You block the killer bee's attack. The killer bee misses you.
You scratch the killer bee but do no damage.
The killer bee is almost dead.
You feel sick. The killer bee completely misses you. The killer bee misses you.
You scratch the killer bee but do no damage.
The killer bee is almost dead.
The killer bee closely misses you. The killer bee stings you!
* * * LOW HITPOINT WARNING * * *
You miss the killer bee. Your bite misses the killer bee.
The killer bee is almost dead.
The killer bee barely misses you. The killer bee stings you!
You die...
You are more poisoned.
The killer bee poisons you!
You are now level 5!
You rejoin the land of the living...
Found an uncursed ring mail.
Are you sure you want to abandon this character and quit the game? (Confirm with "yes".)

.....##...####....#
#.# #)
......'..........##
#.# #.
##'..##...####.###
#.##########.
.)#..##....# #.#
#............
..#........# #.###
#############
..##.#####+###.#..
####.# ........#
..##.# ........#
..#..# ...[...@#
..#..# #+###+#.#
##+ .# #.# #.# #.#
#.# #.# ...


There were no monsters in sight!

Vanquished Creatures
  2 ogres
  3 crimson imps (D:3)
  2 bullfrog skeletons (D:4)
  Jessica (D:1)
  Ijyb (D:2)
  Terence (D:2)
  A worker ant (D:5)
  7 gnolls
  4 adders
  2 dart slugs (D:3)
  2 worms
  A leopard gecko (D:2)
  3 orcs
  3 giant cockroaches
  11 goblins
  5 hobgoblins
  4 jackals (D:3)
  A quokka (D:5)
  3 ball pythons (D:1)
  7 bats
  2 frilled lizards
  8 kobolds
  A quokka skeleton (D:2)
  9 rats
84 creatures vanquished.

Vanquished Creatures (collateral kills)
  2 gnolls (D:4)
2 creatures vanquished.

Grand Total: 86 creatures vanquished

Notes
Turn   | Place    | Note
-------+----------+-------------------------------------------
     0 | D:1      | inc the Felid Wizard began the quest for the Orb.
     0 | D:1      | Reached XP level 1. HP: 7/7 MP: 5/5
     4 | D:1      | Reached skill level 1 in Conjurations
   278 | D:1      | Reached XP level 2. HP: 11/11 MP: 4/7
   310 | D:1      | Reached skill level 2 in Conjurations
   930 | D:2      | Noticed Jessica
   940 | D:1      | Reached XP level 3. HP: 9/14 MP: 0/8
  1100 | D:1      | Killed Jessica
  1100 | D:1      | Reached skill level 3 in Conjurations
  1234 | D:1      | Reached XP level 4. HP: 16/18 MP: 0/9
  1478 | D:2      | Reached skill level 4 in Conjurations
  1482 | D:2      | Noticed Ijyb
  1670 | D:2      | Killed Ijyb
  1890 | D:2      | Reached XP level 5. HP: 21/21 MP: 5/10
  2113 | D:2      | Noticed Terence
  2155 | D:2      | Killed Terence
  2517 | D:3      | Found a shimmering altar of Xom.
  2648 | D:3      | Reached skill level 5 in Conjurations
  2777 | D:3      | Learned a level 2 spell: Call Imp
  2907 | D:3      | Gained mutation: You are covered in thick fur. (AC +2) [Felid growth]
  2907 | D:3      | Reached XP level 6. HP: 24/24 MP: 7/11
  3959 | D:4      | Reached skill level 6 in Conjurations
  4029 | D:4      | Noticed Grinder
  4048 | D:5      | Entered Level 5 of the Dungeon
  4157 | D:5      | Reached XP level 7. HP: 27/27 MP: 7/12
  4305 | D:5      | Found a sacrificial altar of Ru.
  4353 | D:5      | Found a staircase to the Ecumenical Temple.
  4542 | Temple   | Entered the Ecumenical Temple
  4644 | D:5      | Found a stormy altar of Qazlal.
  4669 | D:5      | HP: 1/27 [killer bee (5)]
  4670 | D:5      | Slain by a killer bee
  4671 | D:5      | Reached XP level 6. HP: 0/24 MP: 7/11
  4673 | D:5      | Gained mutation: Your mind is acute. (Int +2) [potion of mutation]
  4673 | D:5      | Gained mutation: You are partially covered in large bone plates. (SH +4) [potion of mutation]
  4690 | Temple   | Became a worshipper of Ashenzari the Shackled
  4729 | D:5      | Slain by a killer bee
  4730 | D:5      | Reached XP level 5. HP: -3/21 MP: 10/10
  4730 | D:5      | Quit the game

Skill      XL: |  1  2  3  4  5  6 |
---------------+-------------------+-----
Conjurations   | 1 2 3 4 5 6 |  6.6
Summonings     | 3 |  3.0
Dodging        | |  2.6
Stealth        | |  2.6
Spellcasting   | |  3.0
Translocations | |  1.5

Action                   |  1- 3 |  4- 6 |  7- 9 || total
-------------------------+-------+-------+-------++-------
Melee: Unarmed           |       |     9 |       ||     9
 Cast: Magic Dart        |    65 |   203 |    25 ||   293
       Call Imp          |       |     3 |     3 ||     6
Invok: Curse Item        |       |     1 |       ||     1
  Use: Scroll            |       |     4 |       ||     4
       Potion            |       |     2 |     1 ||     3
 Stab: Sleeping          |       |     1 |       ||     1
  Eat: Chunk             |       |    13 |     1 ||    14
Armor: Skin              |     1 |    10 |     2 ||    13
Dodge: Dodged            |    22 |    61 |    11 ||    94
Block: Other             |       |     1 |       ||     1
